General information
- name: BNet
- type: Ladder team game (AT/RT)
- host: Battle.net
- saver: sc2no.wc4yes
map: TwistedMeadows
- players: 4
- length: 12:08
- speed: Fast
- version: 1.26 W3XP
- replay type: Public
» download(56 KB)
Players
team 1 (winner)
bannedfromwc3 (
purple | 57 APM | 687 actions | 12:06)
2 Goblin Tinker
1 Cluster Rockets
1 Engineering Upgrade
» actions
| Assign group hotkey | 42 | |
| Basic commands | 17 | |
| Build / train | 29 | |
| Enter build submenu | 10 | |
| Enter hero's abilities submenu | 2 | |
| Right click | 278 | |
| Select / deselect | 146 | |
| Select group hotkey | 146 | |
| Use ability | 17 | |
687 total
» units
| Acolyte | 2 | |
| Ghoul | 15 | |
| Crypt Fiend | 8 | |
25 total
» buildings
| Crypt | 2 | |
| Ziggurat | 4 | |
| Altar of Darkness | 1 | |
| Graveyard | 1 | |
| Halls of the Dead | 1 | |
9 total
» build order
00:08 Crypt
00:12 Ziggurat
00:40 Crypt
01:02 Ziggurat
01:43 Altar of Darkness
02:21 Ziggurat
05:43 Graveyard
06:19 Halls of the Dead
06:52 Ziggurat
sc2no.wc4yes (
red | 75 APM | 916 actions | 12:08)
4 Goblin Tinker
2 Cluster Rockets
2 Engineering Upgrade
» actions
| Assign group hotkey | 64 | |
| Basic commands | 46 | |
| Build / train | 37 | |
| ESC pressed | 1 | |
| Enter build submenu | 9 | |
| Enter hero's abilities submenu | 4 | |
| Right click | 390 | |
| Select / deselect | 155 | |
| Select group hotkey | 185 | |
| Use ability | 25 | |
916 total
» units
| Acolyte | 2 | |
| Ghoul | 16 | |
| Crypt Fiend | 11 | |
29 total
» buildings
| Crypt | 2 | |
| Ziggurat | 4 | |
| Altar of Darkness | 1 | |
| Graveyard | 1 | |
| Halls of the Dead | 1 | |
9 total
» build order
00:06 Crypt
00:09 Ziggurat
00:33 Crypt
00:55 Ziggurat
01:35 Altar of Darkness
03:31 Ziggurat
04:53 Graveyard
05:51 Ziggurat
11:30 Halls of the Dead
team 2 (loser)
albinoNigguh (
green | 45 APM | 542 actions | 12:06)
3 Crypt Lord
2 Carrion Beetles
1 Impale
» actions
| Assign group hotkey | 3 | |
| Basic commands | 55 | |
| Build / train | 33 | |
| ESC pressed | 2 | |
| Enter build submenu | 9 | |
| Enter hero's abilities submenu | 3 | |
| Right click | 265 | |
| Select / deselect | 142 | |
| Select group hotkey | 11 | |
| Use ability | 19 | |
542 total
» units
» buildings
| Crypt | 1 | |
| Graveyard | 1 | |
| Ziggurat | 4 | |
| Altar of Darkness | 1 | |
| Tomb of Relics | 1 | |
| Nerubian Tower | 1 | |
| Halls of the Dead | 1 | |
10 total
» build order
00:15 Crypt
00:25 Graveyard
00:45 Ziggurat
01:03 Altar of Darkness
01:30 Tomb of Relics
02:21 Ziggurat
05:53 Ziggurat
06:37 Ziggurat
07:38 Nerubian Tower
11:59 Halls of the Dead
» items
ThrobbingGlands (
teal | 76 APM | 918 actions | 12:02)
4 Demon Hunter
2 Mana Burn
2 Evasion
» actions
| Build / train | 29 | |
| ESC pressed | 1 | |
| Enter build submenu | 11 | |
| Enter hero's abilities submenu | 5 | |
| Right click | 623 | |
| Select / deselect | 203 | |
| Use ability | 46 | |
918 total
» units
» buildings
| Altar of Elders | 1 | |
| Moon Well | 2 | |
| Ancient of War | 2 | |
| Tree of Life | 2 | |
7 total
» build order
00:12 Altar of Elders
00:18 Moon Well
01:24 Ancient of War
01:48 Ancient of War
02:01 Moon Well
04:29 Tree of Life
05:48 Tree of Life
Chat log
(01:17 / Allies) sc2no.wc4yes: the elf is 5-0 solo
(01:20 / Allies) sc2no.wc4yes: the other ones 15-14
(01:26 / Allies) sc2no.wc4yes: they messed it up
(01:31 / Allies) sc2no.wc4yes: the tryhard is sup[posed to be in teh quarterback slot
(01:46 / Allies) sc2no.wc4yes: well go elf base
(01:54 / Allies) sc2no.wc4yes: demon booter
(02:07 / Allies) sc2no.wc4yes: u send now
(02:10 / Allies) sc2no.wc4yes: ur farther
(02:12 / Allies) sc2no.wc4yes: ill buy with ur units
(02:40 / Allies) sc2no.wc4yes: get rockets
(02:47 / Allies) sc2no.wc4yes: wtf ud oing
(02:59 / Allies) sc2no.wc4yes: foucs arhers
(03:23 / Allies) sc2no.wc4yes: mian\
(03:27 / Allies) sc2no.wc4yes: MAIN
(03:56 / Allies) sc2no.wc4yes: see how fukcign horribel it is
(05:31 / Allies) sc2no.wc4yes: b
(06:22 / Allies) sc2no.wc4yes: lets go
(06:24 / Allies) sc2no.wc4yes: he has no cold tower
(06:33 / Allies) sc2no.wc4yes: after that we go ud again
(06:38 / Allies) sc2no.wc4yes: i mean elf again after
(06:49 / Allies) sc2no.wc4yes: go deep, get acos, then main
(07:28 / Allies) sc2no.wc4yes: b
(07:32 / Allies) sc2no.wc4yes: i goign elf base
(07:55 / Allies) sc2no.wc4yes: get fiends
(08:59 / Allies) sc2no.wc4yes: theyre broek as shit
(08:59 / Allies) sc2no.wc4yes: lmao
(09:02 / Allies) sc2no.wc4yes: coem my side
(10:10 / All) sc2no.wc4yes: u guys lost to cluster rockets
(10:20 / Allies) sc2no.wc4yes: b
(10:27 / Allies) sc2no.wc4yes: rangecraft
(10:29 / Allies) sc2no.wc4yes: dont slug it out
(11:29 / Allies) bannedfromwc3: i got bad delay
(12:06 / All) sc2no.wc4yes: horrible